 Dungeon Sprint DCSS version 0.24-a0-486-ged8816983f (webtiles) character file.

Game seed: 6659176532426325939

350889 gruber the Intangible (level 20, -7/137 HPs)
             Began as a Vine Stalker Fighter on July 9, 2019.
             Was a Priest of Makhleb.
             Killed from afar by an orb of fire (17 damage)
             ... with a bolt of fire
             ... in the Dungeon (Sprint IX: "|||||||||||||||||||||||||||||").
             The game lasted 00:27:08 (8661 turns).

gruber the Intangible (Vine Stalker Fighter)        Turns: 8661, Time: 00:27:08

Health: -7/137     AC: 32    Str: 33    XL:     20   Next: 84%
Magic:  0/28       EV: 35    Int:  4    God:    Makhleb [***...]
Gold:   1962       SH: 38    Dex: 23    Spells: 19/19 levels left

rFire    + . .     SeeInvis .   K - +8 demon blade "Bloodbane" {slice, *Rage +Rage Stlth-}
rCold    + . .     Gourm    .   u - +10 large shield of Ignorance {rN+ Int-4}
rNeg     + . .     Faith    .   q - +2 chain mail of Vuddaem {rC+ MR+ Str+4}
rPois    +         Spirit   +   s - +2 helmet
rElec    +         Reflect  .   L - +2 cloak
rCorr    .         Harm     .   B - +0 pair of gloves of Untold Secrets {Slay+2}
MR       +++..     Rnd*Rage +   J - +0 pair of boots of the Beginning {rElec} Stlth ..........NoTele +
                                t - amulet of Balance {Regen+ Dex+4}
HPRegen  1.52/turn              x - ring of Edunupoun {rF+ EV+3}
MPRegen  0.21/turn              G - ring of Inil {rPois Str+3 Dex+3}

@: berserk cooldown, hasted and slowed
A: fangs 3, regeneration 2, magic shield, antimagic bite, no potion heal 3, rot
immunity
}: 5/17 runes: decaying, serpentine, barnacled, silver, gossamer
a: Minor Destruction, Lesser Servant of Makhleb, Renounce Religion, Evoke
Berserk Rage


You were in the Dungeon.
You worshipped Makhleb.
Makhleb was most pleased with you.
You were not hungry.

You visited 1 branch You collected 1962 gold pieces.

Inventory:

Hand Weapons
 o - a +1 double sword of flaming
 K - the +8 demon blade "Bloodbane" (weapon) {slice, *Rage +Rage Stlth-}
   (You found it in the Dungeon)

   It inflicts extra damage upon your enemies.
   It lets you go berserk.
   It may make you go berserk in combat.
   It makes you less stealthy.
Armour
 q - the +2 chain mail of Vuddaem (worn) {rC+ MR+ Str+4}
   (You found it in the Dungeon)

   It affects your strength (+4).
   It protects you from cold.
   It affects your resistance to hostile enchantments.
 s - a +2 helmet (worn)
 u - the +10 large shield of Ignorance (worn) {rN+ Int-4}
   (You found it in the Dungeon)

   It affects your intelligence (-4).
   It protects you from negative energy.
 B - the +0 pair of gloves of Untold Secrets (worn) {Slay+2}
   (You found it in the Dungeon)

   It affects your accuracy and damage with ranged weapons and melee attacks
   (+2).
 J - the +0 pair of boots of the Beginning (worn) {rElec}
   (Okawaru gifted it to you in the Dungeon)

   It insulates you from electricity.
 L - a +2 cloak (worn)
Jewellery
 c - an uncursed ring of see invisible
 p - a +4 ring of protection
 t - the amulet of Balance (around neck) {Regen+ Dex+4}
   (You found it in the Dungeon)

   [amulet of regeneration]

   It affects your dexterity (+4).
   It increases your rate of regeneration.
 x - the ring of Edunupoun (left hand) {rF+ EV+3}
   (You found it in the Dungeon)

   [ring of evasion]

   It affects your evasion (+3).
   It protects you from fire.
 z - an uncursed ring of protection from cold
 D - an uncursed ring of protection from fire
 E - the ring "Cicahuy" {Dex+3 SInv}
   (You found it in the Dungeon)

   [ring of dexterity]

   It affects your dexterity (+3).
   It lets you see invisible.
 F - the ring of Suq Elamoss {rC+ rCorr}
   (You found it in the Dungeon)

   [ring of resist corrosion]

   It protects you from cold.
   It provides partial protection from all sources of acid and corrosion.
 G - the ring of Inil (right hand) {rPois Str+3 Dex+3}
   (You found it in the Dungeon)

   [ring of dexterity]

   It affects your strength (+3).
   It affects your dexterity (+3).
   It protects you from poison.
Wands
 n - a wand of acid (8)
 A - a wand of flame (22)
Scrolls
 a - a scroll of magic mapping {unknown}
 k - 7 scrolls of blinking
 l - 5 scrolls of remove curse
 m - 2 scrolls of amnesia
 r - 3 scrolls of enchant weapon
 w - 9 scrolls of fear
 y - 6 scrolls of enchant armour
 I - 5 scrolls of fog
Potions
 d - a potion of berserk rage
 e - 8 potions of curing
 g - 23 potions of heal wounds
 h - 7 potions of haste
 i - 4 potions of magic
 j - a potion of invisibility
 v - 3 potions of resistance
 C - 3 potions of brilliance
 H - a potion of might
Comestibles
 f - 8 rations


   Skills:
 O Level 27 Fighting
   Level 5.1(19.2) Short Blades
 O Level 27 Long Blades
 O Level 27 Armour
 O Level 27 Dodging
 + Level 25.4 Shields
 - Level 9.3 Invocations


You had 19 spell levels left.
You didn't know any spells.
Your spell library contained the following spells:

 Spells                   Type           Power        Failure   Level  Hunger
 Shock                    Conj/Air       #...         73%         1    ##.....
 Poisonous Vapours        Pois/Air       #.....       86%         2    ###....
 Dispel Undead            Necr           #.......     100%        5    ######.
 Silence                  Hex/Air        #.........   100%        5    ######.
 Conjure Ball Lightning   Conj/Air       #.........   100%        6    #######


Dungeon Overview and Level Annotations

Branches:
Dungeon (1/1)

Altars:
Cheibriados
Dithmenos
Elyvilon
Fedhas
Gozag
Hepliaklqana
Kikubaaqudgha
Makhleb
Nemelex Xobeh
Okawaru
Qazlal
Ru
Sif Muna
Trog
Uskayaw
Vehumet
Wu Jian
Xom
Yredelemnul
Zin
The Shining One
Beogh
Jiyva
Lugonu

Shops:
D =:??


Innate Abilities, Weirdness & Mutations

You have razor-sharp teeth.
You heal very quickly.
When hurt, damage is shared between your health and your magic reserves.
Your bite disrupts and absorbs the magic of your enemies.
Potions cannot restore your health.
You are immune to rotting.


Message History

The orb of fire emits a lurid red light.
The bolt of fire misses you.
You slash the orb of fire! Your bite misses the orb of fire.
The orb of fire is lightly damaged.
The orb of fire glows red.
The fireball explodes!
The fireball engulfs the orb of fire.
The orb of fire completely resists.
The fireball engulfs you! You resist.
* * * LOW HITPOINT WARNING * * *
The fireball engulfs the orb of fire.
The orb of fire completely resists.
The orb of fire glows bright magenta.
The fireball explodes!
The fireball engulfs you!! You resist.
* * * LOW HITPOINT WARNING * * *
The fireball engulfs the orb of fire.
The orb of fire completely resists.
Unknown command.
You miss the orb of fire. Your bite misses the orb of fire.
The orb of fire is lightly damaged.
The orb of fire glows deep purple.
The bolt of fire hits the orb of fire.
The orb of fire completely resists.
The bolt of fire hits you!! You resist.
You die...

))))...[[[[[[[........!..........
▓▓▓▓▓▓▓▓▓▓▓▓▓▓▓▓▓▓▓▓▓▓▓▓▓▓▓▓▓▓▓▓▓
.....................[)..........
▓▓▓▓▓▓▓▓▓▓▓▓▓▓▓▓▓▓▓▓▓▓▓▓▓▓▓▓▓▓▓▓▓
)).[.......).).[.[).))[).....['..
▓▓▓▓▓▓▓▓▓▓▓▓▓▓▓▓▓▓▓▓▓▓▓▓▓▓▓▓▓▓▓▓▓
.................................
▓▓▓▓▓▓▓▓▓▓▓▓▓▓▓▓▓▓▓▓▓▓▓▓▓▓▓▓▓▓▓▓▓
......'.'.'.').)@**ydy..
▓▓▓▓▓▓▓▓▓▓▓▓▓▓▓▓▓▓▓▓▓▓▓▓


You could see 2 orbs of fire, a purple draconian and 2 moths of wrath.

Vanquished Creatures
  5 ancient liches (D)
  2 orbs of fire (D)
  Mennas (D)
  Mara (D)
  Sojobo (D)
  Boris (D)
  Saint Roka (D)
  Frederick (D)
  A Killer Klown (D)
  A curse toe (D)
  Margery (D)
  Xtahua (D)
  Nikola (D)
  A golden dragon (D)
  Jory (D)
  A bone dragon (D)
  5 electric golems (D)
  3 tentacled monstrosities (D)
  15 Orb Guardians (D)
  4 quicksilver dragons (D)
  A titan (D)
  Gastronok (D)
  4 death cobs (D)
  Frances (D)
  A thorn hunter (D)
  2 tengu reavers (D)
  6 nagarajas (D)
  5 storm dragons (D)
  3 draconian monks (D)
  Ilsuiw (D)
  Donald (D)
  An iron dragon (D)
  A frost giant (D)
  7 shadow dragons (D)
  3 fire giants (D)
  A vault warden (D)
  2 draconian knights (D)
  2 draconian shifters (D)
  7 emperor scorpions (D)
  A draconian stormcaller (D)
  A ghost moth (D)
  Aizul (D)
  6 ironheart preservers (D)
  A draconian scorcher (D)
  A draconian annihilator (D)
  2 entropy weavers (D)
  4 stone giants (D)
  2 green draconians (D)
  A black draconian (D)
  3 purple draconians (D)
  Azrael (D)
  A red draconian (D)
  2 yellow draconians (D)
  7 merfolk javelineers (D)
  2 merfolk impalers (D)
  An ettin (D)
  A deep elf death mage (D)
  A great orb of eyes (D)
  4 yaktaur captains (D)
  3 fire dragons (D)
  25 vault guards (D)
  5 naga warriors (D)
  2 rakshasas (D)
  5 ice dragons (D)
  6 hydras (D)
  6 two-headed ogres (D)
  An alligator (D)
  2 merfolk avatars (D)
  A merfolk aquamancer (D)
  An alligator snapping turtle (D)
  4 ogre magi (D)
  An anaconda (D)
  3 deep troll earth magi (D)
  3 tengu warriors (D)
  An orc high priest (D)
  A spriggan berserker (D)
  4 hell knights (D)
  2 naga sharpshooters (D)
  A shock serpent (D)
  A shadow wraith (D)
  An unseen horror (D)
  3 glowing orange brains (D)
  5 ironbrand convokers (D)
  6 swamp dragons (D)
  2 spriggan druids (D)
  2 flayed ghosts (D)
  2 necromancers (D)
  3 orb spiders (D)
  5 orc knights (D)
  An orb spider (shapeshifter) (D)
  An ugly thing (D)
  2 wolf spiders (D)
  4 cyclopes (D)
  2 manticores (D)
  6 moths of wrath (D)
  2 black mambas (D)
  A guardian serpent (D)
  A water nymph (D)
  4 naga magi (D)
  A vault sentinel (D)
  A torpor snail (shapeshifter) (D)
  3 komodo dragons (D)
  A freezing wraith (D)
  5 spiny frogs (D)
  A rime drake (shapeshifter) (D)
  3 yaktaurs (D)
  A guardian mummy (D)
  A tengu conjurer (D)
  2 jumping spiders (D)
  A troll (D)
  2 merfolk (D)
  2 hornets (D)
  2 tyrant leeches (D)
  A dream sheep (shapeshifter) (D)
  2 slime creatures (D)
  3 snapping turtles (D)
  2 redbacks (D)
  2 tarantellas (D)
  2 wyverns (D)
  4 fire elementals (D)
  A yak (D)
  A vampire mosquito (D)
  A hungry ghost (D)
  3 acid dragons (D)
  2 water moccasins (D)
  3 porcupines (D)
  A black bear (shapeshifter) (D)
  17 orc warriors (D)
  7 ogres (D)
  A boggart (D)
  A centaur (D)
  A wolf (D)
  3 crocodiles (D)
  A bullfrog (D)
  A crimson imp (D)
  A quasit (D)
  A jelly (D)
  2 orc wizards (D)
  3 orc priests (D)
  A hound (D)
  An iguana (D)
  A worker ant (D)
  2 shadow imps (D)
  An ooze (D)
  6 worms (D)
  7 orcs (D)
  A bat skeleton (D)
  A bat zombie (D)
  A giant cockroach (D)
  A jackal (D)
  A quokka (D)
  A ball python zombie (D)
  A bat (D)
  A jackal zombie (D)
  A kobold (D)
  A rat (D)
394 creatures vanquished.

Vanquished Creatures (others)
  A spiny frog (D)
  A spriggan (D)
  A shadow (D)
  A swamp drake (D)
4 creatures vanquished.

Grand Total: 398 creatures vanquished

Notes
Turn   | Place    | Note
-------+----------+-------------------------------------------
     0 | D        | gruber the Vine Stalker Fighter began the quest for the
                  | Orb.
     0 | D        | Reached XP level 1. HP: 11/11 MP: 2/2
    99 | D        | Noticed an iguana
    99 | D        | Noticed a worker ant
    99 | D        | Noticed a crimson imp
    99 | D        | Noticed a jelly
   101 | D        | Killed an iguana
   101 | D        | Reached skill level 5 in Long Blades
   101 | D        | Reached XP level 2. HP: 16/16 MP: 3/3
   101 | D        | Reached XP level 3. HP: 19/19 MP: 4/4
   110 | D        | Gained mutation: Your natural rate of healing is unusually
                  | fast. [Vine Stalker growth]
   110 | D        | Reached XP level 4. HP: 23/23 MP: 5/5
   113 | D        | Reached XP level 5. HP: 27/27 MP: 4/6
   120 | D        | Found a roughly hewn altar of Beogh.
   120 | D        | Found a snail-covered altar of Cheibriados.
   120 | D        | Found a shadowy altar of Dithmenos.
   120 | D        | Found a white marble altar of Elyvilon.
   120 | D        | Found a blossoming altar of Fedhas.
   120 | D        | Found an opulent altar of Gozag.
   121 | D        | Found a hazy altar of Hepliaklqana.
   122 | D        | Found a viscous altar of Jiyva.
   123 | D        | Found an ancient bone altar of Kikubaaqudgha.
   124 | D        | Found a corrupted altar of Lugonu.
   125 | D        | Found a burning altar of Makhleb.
   126 | D        | Found a sparkling altar of Nemelex Xobeh.
   127 | D        | Found an iron altar of Okawaru.
   128 | D        | Found a stormy altar of Qazlal.
   129 | D        | Found a sacrificial altar of Ru.
   130 | D        | Found a deep blue altar of Sif Muna.
   131 | D        | Found a bloodstained altar of Trog.
   132 | D        | Found a hide-covered altar of Uskayaw.
   133 | D        | Found a radiant altar of Vehumet.
   134 | D        | Found an ornate altar of the Wu Jian Council.
   135 | D        | Became a worshipper of Warmaster Okawaru
   136 | D        | Found a shimmering altar of Xom.
   137 | D        | Found a basalt altar of Yredelemnul.
   138 | D        | Found a glowing silver altar of Zin.
   139 | D        | Found a glowing golden altar of the Shining One.
   195 | D        | Noticed a centaur
   200 | D        | Killed a centaur
   205 | D        | Reached skill level 1 in Short Blades
   205 | D        | Reached XP level 6. HP: 23/32 MP: 5/7
   363 | D        | Noticed a cyclops
   363 | D        | Noticed a hungry ghost
   363 | D        | Noticed a cyclops
   371 | D        | Killed a cyclops
   371 | D        | Reached * piety under Okawaru
   371 | D        | Reached skill level 5 in Short Blades
   371 | D        | Reached XP level 7. HP: 34/35 MP: 6/8
   374 | D        | Killed a hungry ghost
   374 | D        | Reached skill level 5 in Fighting
   380 | D        | Killed a cyclops
   380 | D        | Reached ** piety under Okawaru
   380 | D        | Gained mutation: You have razor-sharp teeth. [Vine Stalker
                  | growth]
   380 | D        | Reached XP level 8. HP: 47/47 MP: 9/9
   492 | D        | Noticed a spiny frog
   492 | D        | Noticed a spiny frog
   492 | D        | Noticed a komodo dragon
   492 | D        | Noticed a spiny frog
   509 | D        | Killed a spiny frog
   516 | D        | Killed a spiny frog
   516 | D        | Reached XP level 9. HP: 18/51 MP: 4/10
   523 | D        | Killed a komodo dragon
   528 | D        | Killed a spiny frog
   528 | D        | Reached *** piety under Okawaru
   543 | D        | Reached skill level 5 in Dodging
   624 | D        | Noticed a spiny frog
   640 | D        | Killed a spiny frog
   641 | D        | Reached XP level 10. HP: 58/58 MP: 11/11
   643 | D        | Reached skill level 10 in Long Blades
   648 | D        | Reached **** piety under Okawaru
   957 | D        | Noticed an orc knight
   969 | D        | Killed an orc knight
  1204 | D        | Noticed an orc high priest
  1205 | D        | Noticed a smoke demon
  1223 | D        | Killed an orc high priest
  1223 | D        | Reached ***** piety under Okawaru
  1223 | D        | Received a gift from Okawaru
  1243 | D        | Received a gift from Okawaru
  1264 | D        | Reached XP level 11. HP: 61/62 MP: 12/12
  1289 | D        | Got a smoking plate armour {god gift}
  1300 | D        | Identified the +6 plate armour of Okawaru's Supremacy
                  | {Slay+3} (Okawaru gifted it to you in the Dungeon)
  1312 | D        | Found Lalot's Jewellery Emporium.
  1312 | D        | Noticed a two-headed ogre
  1314 | D        | Noticed an ogre mage
  1315 | D        | Noticed a two-headed ogre
  1319 | D        | Found Maiqesum's Book Shoppe.
  1319 | D        | Noticed a two-headed ogre
  1323 | D        | Killed a two-headed ogre
  1323 | D        | Reached skill level 10 in Armour
  1332 | D        | Killed an ogre mage
  1333 | D        | Found Lythrile's Magic Scroll Emporium.
  1339 | D        | Killed a two-headed ogre
  1345 | D        | Killed a two-headed ogre
  1350 | D        | Found Ekavu's Magic Scroll Shoppe.
  1352 | D        | Noticed an ogre mage
  1352 | D        | Noticed a two-headed ogre
  1355 | D        | Noticed a two-headed ogre
  1360 | D        | Killed an ogre mage
  1366 | D        | Killed a two-headed ogre
  1370 | D        | Killed a two-headed ogre
  1594 | D        | Noticed a two-headed ogre
  1601 | D        | Killed a two-headed ogre
  1605 | D        | Noticed a tengu warrior
  1606 | D        | Killed an unseen horror
  1606 | D        | Gained mutation: You heal very quickly. [Vine Stalker
                  | growth]
  1606 | D        | Reached XP level 12. HP: 66/66 MP: 13/13
  1607 | D        | Noticed a rakshasa
  1607 | D        | Noticed a tengu warrior
  1614 | D        | Noticed an ogre mage
  1618 | D        | Reached skill level 15 in Armour
  1623 | D        | Killed a tengu warrior
  1633 | D        | Killed a rakshasa
  1641 | D        | Killed a tengu warrior
  1648 | D        | Killed an ogre mage
  1648 | D        | Received a gift from Okawaru
  1648 | D        | Reached ****** piety under Okawaru
  1680 | D        | Got a pair of crude boots {god gift}
  1691 | D        | Identified the +0 pair of boots of the Beginning {rElec}
                  | (Okawaru gifted it to you in the Dungeon)
  1736 | D        | Noticed Saint Roka
  1772 | D        | Killed Saint Roka
  1835 | D        | Noticed Azrael
  1846 | D        | Killed Azrael
  1849 | D        | Reached XP level 13. HP: 39/70 MP: 8/14
  1883 | D        | Noticed Gastronok
  1898 | D        | Killed Gastronok
  1898 | D        | Received a gift from Okawaru
  1956 | D        | Noticed an entropy weaver
  1996 | D        | Killed an entropy weaver
  1996 | D        | Reached skill level 15 in Shields
  2063 | D        | Reached skill level 5 in Invocations
  2093 | D        | Received a gift from Okawaru
  2157 | D        | Reached skill level 10 in Fighting
  2172 | D        | Noticed a thorn hunter
  2197 | D        | Killed a thorn hunter
  2344 | D        | Noticed Donald
  2368 | D        | Killed Donald
  2368 | D        | Reached XP level 14. HP: 72/83 MP: 22/22
  2380 | D        | Noticed Frances
  2419 | D        | Killed Frances
  2504 | D        | Noticed a stone giant
  2516 | D        | Killed a stone giant
  2521 | D        | Reached skill level 15 in Fighting
  2544 | D        | Noticed a fire giant
  2556 | D        | Reached skill level 15 in Long Blades
  2565 | D        | Killed a fire giant
  2575 | D        | Noticed a stone giant
  2589 | D        | Received a gift from Okawaru
  2614 | D        | Killed a stone giant
  2666 | D        | Noticed an ironheart preserver
  2699 | D        | Killed an ironheart preserver
  2733 | D        | Noticed an ironheart preserver
  2734 | D        | Noticed a vault warden
  2735 | D        | Noticed a frost giant
  2737 | D        | Noticed an ironheart preserver
  2739 | D        | Noticed a stone giant
  2745 | D        | Killed a vault warden
  2745 | D        | Received a gift from Okawaru
  2746 | D        | Killed an ironheart preserver
  2746 | D        | Reached XP level 15. HP: 92/92 MP: 23/23
  2761 | D        | Killed a frost giant
  2779 | D        | Got an iridescent long sword {god gift}
  2780 | D        | Identified the +1 long sword of the Final Decision {flame,
                  | *Contam rPois MP+9 Stlth+} (Okawaru gifted it to you in the
                  | Dungeon)
  2895 | D        | Noticed Margery
  2911 | D        | Killed Margery
  2921 | D        | Received a gift from Okawaru
  2921 | D        | Noticed Mennas
  2963 | D        | Killed Mennas
  3055 | D        | Found the +10 large shield of Ignorance {rN+ Int-4}
  3060 | D        | Got the +2 chain mail of Vuddaem {rC+ MR+ Str+4}
  3067 | D        | Got the +0 pair of gloves of Untold Secrets {Slay+2}
  3160 | D        | Noticed Frederick
  3194 | D        | Killed Frederick
  3226 | D        | Noticed Aizul
  3237 | D        | Killed Aizul
  3278 | D        | Noticed an emperor scorpion
  3278 | D        | Noticed an emperor scorpion
  3278 | D        | Noticed an emperor scorpion
  3295 | D        | Killed an emperor scorpion
  3295 | D        | Reached skill level 10 in Dodging
  3300 | D        | Killed an emperor scorpion
  3314 | D        | Killed an emperor scorpion
  3398 | D        | Noticed an emperor scorpion
  3399 | D        | Noticed an emperor scorpion
  3403 | D        | Killed a ghost moth
  3419 | D        | Killed an emperor scorpion
  3419 | D        | Received a gift from Okawaru
  3430 | D        | Killed an emperor scorpion
  3431 | D        | Noticed an emperor scorpion
  3433 | D        | Got a bloodstained scimitar {god gift}
  3434 | D        | Identified the +6 scimitar "Xojerer" {chaos, Str+4}
                  | (Okawaru gifted it to you in the Dungeon)
  3438 | D        | Noticed an emperor scorpion
  3452 | D        | Killed an emperor scorpion
  3464 | D        | Killed an emperor scorpion
  3464 | D        | Reached XP level 16. HP: 34/97 MP: 24/24
  3508 | D        | Got a gossamer rune of Zot
  3516 | D        | Noticed Ilsuiw
  3534 | D        | Killed Ilsuiw
  3556 | D        | Received a gift from Okawaru
  3594 | D        | Got a barnacled rune of Zot
  3678 | D        | Got a decaying rune of Zot
  3693 | D        | Noticed a nagaraja
  3693 | D        | Noticed a nagaraja
  3693 | D        | Noticed a nagaraja
  3711 | D        | Killed a nagaraja
  3712 | D        | Noticed a nagaraja
  3715 | D        | Killed a nagaraja
  3720 | D        | Killed a nagaraja
  3721 | D        | Noticed a nagaraja
  3732 | D        | Killed a nagaraja
  3744 | D        | Noticed a nagaraja
  3762 | D        | Killed a nagaraja
  3766 | D        | Killed a nagaraja
  3780 | D        | Got a serpentine rune of Zot
  3851 | D        | Noticed Jory
  3863 | D        | Killed Jory
  3878 | D        | Noticed a tengu reaver
  3879 | D        | Noticed a tengu reaver
  3880 | D        | Noticed Sojobo
  3897 | D        | Killed a tengu reaver
  3903 | D        | Killed a tengu reaver
  3914 | D        | Killed Sojobo
  3914 | D        | Received a gift from Okawaru
  3914 | D        | Reached XP level 17. HP: 72/101 MP: 17/25
  3917 | D        | Got an iridescent dagger {god gift}
  3919 | D        | Identified the +1 dagger of Idaosem {pierce, rElec MP+9}
                  | (Okawaru gifted it to you in the Dungeon)
  3934 | D        | Noticed Mara
  3945 | D        | Noticed gruber's illusion
  3945 | D        | Killed Mara
  4067 | D        | Received a gift from Okawaru
  4188 | D        | Reached skill level 15 in Dodging
  4289 | D        | Noticed an Orb Guardian
  4342 | D        | Killed an Orb Guardian
  4425 | D        | Noticed a quicksilver dragon
  4425 | D        | Noticed a tentacled monstrosity
  4425 | D        | Identified the +4 great mace of Xidat {holy, MR+ SInv}
  4443 | D        | Killed a tentacled monstrosity
  4443 | D        | Reached XP level 18. HP: 103/106 MP: 26/26
  4445 | D        | Noticed a titan
  4453 | D        | Received a gift from Okawaru
  4477 | D        | Killed a quicksilver dragon
  4495 | D        | Killed a titan
  4498 | D        | Got a silver rune of Zot
  4515 | D        | Identified the Reference Book on Stolen Souls and Lightness
  4557 | D        | Noticed Boris
  4565 | D        | Killed Boris
  4607 | D        | Got the ring of Edunupoun {rF+ EV+3}
  4612 | D        | Got the amulet of Balance {Regen+ Dex+4}
  4617 | D        | Got the ring "Cicahuy" {Dex+3 SInv}
  4619 | D        | Got the ring of Suq Elamoss {rC+ rCorr}
  4621 | D        | Found the +8 demon blade "Bloodbane" {slice, *Rage +Rage
                  | Stlth-}
  4621 | D        | Got the ring of Inil {rPois Str+3 Dex+3}
  4815 | D        | Noticed Xtahua
  4818 | D        | Noticed Nikola
  4826 | D        | Killed Xtahua
  4826 | D        | Received a gift from Okawaru
  4836 | D        | Killed Nikola
  4976 | D        | Noticed a bone dragon
  5009 | D        | Killed a bone dragon
  5076 | D        | Noticed an electric golem
  5092 | D        | Killed an electric golem
  5124 | D        | Noticed a curse toe
  5133 | D        | Received a gift from Okawaru
  5151 | D        | Killed a curse toe
  5151 | D        | Reached skill level 27 in Dodging
  5164 | D        | Reached XP level 19. HP: 78/112 MP: 27/27
  5192 | D        | Noticed an electric golem
  5199 | D        | Noticed a golden dragon
  5205 | D        | Killed an electric golem
  5234 | D        | Killed a golden dragon
  5272 | D        | Noticed a tentacled monstrosity
  5275 | D        | Received a gift from Okawaru
  5278 | D        | Noticed a tentacled monstrosity
  5282 | D        | Killed a tentacled monstrosity
  5301 | D        | Killed a tentacled monstrosity
  5500 | D        | Reached skill level 27 in Fighting
  5504 | D        | Received a gift from Okawaru
  5535 | D        | Received a gift from Okawaru
  5540 | D        | Reached XP level 20. HP: 132/137 MP: 28/28
  5542 | D        | Got a faintly humming large shield {god gift}
  5553 | D        | Identified the +0 large shield of the Monk {rN+} (Okawaru
                  | gifted it to you in the Dungeon)
  7046 | D        | Fell from the grace of Okawaru
  7046 | D        | Became a worshipper of Makhleb the Destroyer
  8523 | D        | Noticed an ancient lich
  8531 | D        | Killed an ancient lich
  8533 | D        | Noticed an orb of fire
  8542 | D        | Killed an orb of fire
  8542 | D        | Reached skill level 27 in Armour
  8582 | D        | Noticed an electric golem
  8588 | D        | Killed an electric golem
  8588 | D        | Reached * piety under Makhleb
  8591 | D        | Noticed a Killer Klown
  8591 | D        | Noticed an ancient lich
  8591 | D        | Noticed an electric golem
  8591 | D        | Noticed an ancient lich
  8591 | D        | Noticed an electric golem
  8591 | D        | Noticed an ancient lich
  8597 | D        | Killed an electric golem
  8601 | D        | Killed an ancient lich
  8613 | D        | Noticed an orb of fire
  8615 | D        | Killed an ancient lich
  8615 | D        | Reached ** piety under Makhleb
  8617 | D        | Killed a Killer Klown
  8623 | D        | Killed an ancient lich
  8623 | D        | Reached skill level 27 in Long Blades
  8627 | D        | Killed an electric golem
  8627 | D        | Reached *** piety under Makhleb
  8630 | D        | Noticed an ancient lich
  8633 | D        | Killed an orb of fire
  8634 | D        | Noticed an orb of fire
  8639 | D        | Noticed an orb of fire
  8655 | D        | Killed an ancient lich
  8661 | D        | Killed from afar by an orb of fire

Levels and vault maps discovered:
D:        linesprint [early_d, line_temple, items_1, d_10, items_2, lair_1,
          lair_end, items_3, orc_1, orc_end, items_4, d_15, swamp_1, shoals_1,
          snake_1, spider_1, d_20, vaults_1, items_5, swamp_end, shoals_end,
          snake_end, spider_end, vaults_end, d_27, items_6, zot_1, zot_end,
          crypt_end, forest_end, elf_end, slime_end, tomb_end, abyss_end,
          pan_hell_end]

Skill      XL: |  1  2  3  4  5  6  7  8  9 10 11 12 13 14 15 16 17 18 19 20 |
---------------+-------------------------------------------------------------+-----
Long Blades    | 5 8 9 14 20 23 27 | 27.0
Shields        | 4 8 11 12 15 22 25 | 25.4
Short Blades   | 1 5 |  5.1
Fighting       | 8 9 13 16 17 27 | 27.0
Armour         | 8 9 14 18 20 23 25 27 | 27.0
Dodging        | 5 14 19 27 | 27.0
Invocations    | 9 |  9.3

Action                   |  1- 3 |  4- 6 |  7- 9 | 10-12 | 13-15 | 16-18 | 19-21 || total
-------------------------+-------+-------+-------+-------+-------+-------+-------++-------
Melee: Long sword        |    24 |     3 |       |       |       |       |       ||    27
       Bite              |     8 |    11 |    32 |   133 |   285 |   359 |   137 ||   965
       Rapier            |       |    37 |    73 |   351 |   358 |       |       ||   819
       Double sword      |       |       |       |       |   281 |   555 |       ||   836
       Demon blade       |       |       |       |       |       |   157 |   249 ||   406
Invok: Heroism           |       |       |     3 |     6 |    17 |    13 |     2 ||    41
       Finesse           |       |       |       |     1 |     8 |    10 |     2 ||    21
Evoke: Wand              |       |       |       |       |     2 |       |       ||     2
  Use: Potion            |     1 |     1 |       |       |     2 |       |     1 ||     5
       Scroll            |       |       |       |       |     2 |     1 |       ||     3
 Stab: Confused          |       |       |       |       |     3 |       |       ||     3
  Eat: Chunk             |       |       |       |     4 |     6 |     7 |     2 ||    19
       Ration            |       |       |       |       |       |       |     3 ||     3
Armor: Scale mail        |    11 |       |       |       |       |       |       ||    11
       Chain mail        |       |    16 |     6 |    11 |       |     6 |    11 ||    50
       Plate armour      |       |       |       |    39 |   133 |    72 |       ||   244
Dodge: Dodged            |     4 |    30 |    14 |    73 |   114 |    91 |    62 ||   388
Block: Shield            |    11 |    21 |    26 |    91 |   148 |       |       ||   297
       Large shield      |       |       |       |       |   129 |   469 |   183 ||   781
       Rpst.: Long sword |     2 |       |       |       |       |       |       ||     2
       Double sword      |       |       |       |       |     8 |     6 |       ||    14
       Demon blade       |       |       |       |       |       |     1 |     5 ||     6

Table legend:
 A = Non-vault XP
 B = Vault XP
 C = Vault XP percentage of total XP
 D = Non-vault monster count
 E = Vault monster count
 F = Vault count percentage of total count
                 A         B        C        D         E       F
            +---------+---------+-------+---------+---------+-------
      Total |     141 |  477082 | 100.0 |       1 |     394 |  99.7
            +---------+---------+-------+---------+---------+-------
          D |     141 |  477082 | 100.0 |       1 |     394 |  99.7
            +---------+---------+-------+---------+---------+-------
